Tucson Roadrunners vs Santa Cruz Tiger Sharks
Created - Tuesday, June 11, 2024 at 09:16
Goals
|
| Tucson Roadrunners |
3 |
2 |
3 |
8 |
| Santa Cruz Tiger Sharks |
0 |
1 |
1 |
2 |
|
Shots
|
| Tucson Roadrunners |
14 |
8 |
18 |
40 |
| Santa Cruz Tiger Sharks |
10 |
9 |
14 |
33 |
|
1st period
1. Tucson Roadrunners , Alex Belzile 2 (Carson Soucy 4) at 6:31
2. Tucson Roadrunners , Matt Nieto 2 (Nick Seeler 2) at 12:02
3. Tucson Roadrunners , Alex Belzile 3 (Logan Shaw 2) at 16:52 (PP)
Penalties :
Nicolas Petan (TRR) for Hooking (Minor) at 9:50, Connor Brown (SCS) for Holding (Minor) at 16:22
2nd period
4. Tucson Roadrunners , Anthony Richard 3 (Nicolas Petan 3) at 11:37
5. Santa Cruz Tiger Sharks , Jesper Boqvist 1 (Mark Kastelic 3, Nicolas Aube-Kubel 3) at 14:40
6. Tucson Roadrunners , Robert Hagg 1 (Logan Shaw 3, Mark Jankowski 3) at 15:15 (PP)
Penalties :
Carson Soucy (TRR) for Hooking (Minor) at 8:13, Mikhail Maltsev (SCS) for Fighting (Major) at 12:10, Johnathan Kovacevic (TRR) for Fighting (Major) at 12:10, Kailer Yamamoto (SCS) for Interference (Minor) at 15:00, Connor Brown (SCS) for Fighting (Major) at 15:18, Carson Soucy (TRR) for Fighting (Major) at 15:18, Mark Kastelic (SCS) for Tripping (Minor) at 19:21
3rd period
7. Tucson Roadrunners , Nicolas Petan 2 (Ronan Seeley 2, Marian Studenic 2) at 5:16
8. Santa Cruz Tiger Sharks , Rem Pitlick 2 (Matt Kiersted 1, Riley Tufte 1) at 14:57
9. Tucson Roadrunners , Matt Nieto 3 (William Carrier 5, Carson Soucy 5) at 17:19
10. Tucson Roadrunners , Nicolas Petan 3 (Ronan Seeley 3) at 18:07
Penalties :
Calle Rosen (SCS) for Hooking (Minor) at 2:30, Nicolas Aube-Kubel (SCS) for Fighting (Major) at 6:48, Ronan Seeley (TRR) for Fighting (Major) at 6:48, Mark Kastelic (SCS) for Fighting (Major) at 17:45, Nick Seeler (TRR) for Fighting (Major) at 17:45, Logan Shaw (TRR) for Hooking (Minor) at 18:24
Goalie Stats
Elvis Merzlikins (TRR), 31 saves from 33 shots - (0.939), W, 4-0-0, 60:00 minutes
Unknown Goalie (SCS), 32 saves from 40 shots - (0.800), L, 0-1-0, 60:00 minutes
Players Stats for Tucson Roadrunners
Player Name G A P +/- PIM S H SB GA TA FO MP PP MP PK MP
------------------------------------------------------------------------------------
Alex Belzile 2 0 2 0 0 6 2 0 0 0 0/0 16:44 2:16 0:00
Anthony Richard 1 0 1 3 0 4 0 0 0 0 1/1 14:09 0:00 0:55
Benjamin Jones 0 0 0 0 0 0 0 0 0 0 1/1 6:23 0:00 0:00
Carson Soucy 0 2 2 1 7 1 1 0 1 2 0/0 22:15 2:01 1:50
Fabian Lysell 0 0 0 0 0 0 0 0 0 0 0/0 2:04 0:04 0:00
Johnathan Kovacevic 0 0 0 1 5 2 3 1 0 0 0/0 23:21 2:18 2:44
Logan Shaw 0 2 2 1 2 1 1 1 0 0 7/14 18:30 2:20 1:45
Marian Studenic 0 1 1 3 0 0 3 0 0 0 0/0 13:08 0:00 0:00
Mark Jankowski 0 1 1 0 0 1 1 0 1 0 0/0 16:47 2:16 0:03
Matt Nieto 2 0 2 1 0 7 0 0 2 0 0/2 20:59 2:23 2:48
Nick Seeler 0 1 1 2 5 0 4 3 0 0 0/0 20:04 2:25 1:52
Nicolas Petan 2 1 3 4 2 6 1 0 2 1 4/6 14:01 0:04 0:27
Robert Hagg 1 0 1 3 0 2 2 1 1 2 0/0 22:49 2:25 3:03
Ronan Seeley 0 2 2 1 5 2 0 1 0 0 0/0 14:27 0:17 0:00
Ross Colton 0 0 0 0 0 3 1 0 2 0 8/20 25:05 2:23 2:34
Samuel Knazko 0 0 0 0 0 1 2 0 0 0 0/0 16:52 0:00 1:37
Walker Duehr 0 0 0 0 0 0 1 0 0 0 0/0 6:23 0:00 0:00
William Carrier 0 1 1 0 0 4 1 0 1 1 1/1 20:19 2:23 2:34
Players Stats for Santa Cruz Tiger Sharks
Player Name G A P +/- PIM S H SB GA TA FO MP PP MP PK MP
------------------------------------------------------------------------------------
Calle Rosen 0 0 0 -3 2 1 2 1 0 4 0/0 23:18 2:53 1:26
Connor Brown 0 0 0 -1 7 4 1 2 1 0 0/0 19:00 2:49 1:46
David Gustafsson 0 0 0 0 0 1 1 2 0 0 0/1 8:57 0:00 0:00
Haydn Fleury 0 0 0 -3 0 1 0 2 0 0 0/0 24:34 2:53 2:28
Jesper Boqvist 1 0 1 1 0 4 0 0 0 0 8/10 16:37 2:21 0:10
Kailer Yamamoto 0 0 0 -1 2 4 2 0 2 0 0/3 20:37 2:49 2:27
Mark Kastelic 0 1 1 -3 7 2 4 3 1 1 0/3 12:23 0:00 0:44
Matt Kiersted 0 1 1 0 0 0 1 0 0 0 0/0 14:18 0:00 0:29
Mikhail Maltsev 0 0 0 -3 5 2 1 1 0 0 0/0 9:42 0:00 0:00
Nicolas Aube-Kubel 0 1 1 -4 5 3 5 1 0 0 0/1 11:03 0:23 0:00
Rem Pitlick 1 0 1 1 0 3 3 0 2 1 0/1 15:55 2:21 0:00
Riley Tufte 0 1 1 0 0 2 1 0 0 2 0/0 19:26 0:00 0:00
Samuel Fagemo 0 0 0 -1 0 1 0 1 0 1 1/1 9:33 0:23 0:00
Sean Day 0 0 0 -1 0 1 2 1 0 0 0/0 22:30 2:40 2:48
Semyon Der-Arguchintsev 0 0 0 -1 0 0 0 0 0 0 0/0 6:01 0:23 0:00
Steven Lorentz 0 0 0 -1 0 0 1 1 0 1 13/23 21:05 2:49 2:28
Tobias Bjornfot 0 0 0 -1 0 1 2 8 0 0 0/0 21:35 2:40 2:15
Zachary Sanford 0 0 0 1 0 3 3 0 0 0 1/2 18:37 2:21 1:53
3 Stars
1 - Nicolas Petan (TRR)
2 - Matt Nieto (TRR)
3 - Alex Belzile (TRR)
Power Play
Tucson Roadrunners - 2 on 4 Attempt(s) - 50.00%
Santa Cruz Tiger Sharks - 0 on 3 Attempt(s) - 0.00%
Penalty Kill
Tucson Roadrunners - 3 on 3 Attempt(s) - 100.00%
- Score 0 goal in Penalty Kill
Santa Cruz Tiger Sharks - 2 on 4 Attempt(s) - 50.00%
- Score 0 goal in Penalty Kill
Team Stat
Tucson Roadrunners - Hits : 23 - Faceoff Wins : 22 - Blocked Shots : 7 - Penalty Minutes : 26
Santa Cruz Tiger Sharks - Hits : 29 - Faceoff Wins : 23 - Blocked Shots : 23 - Penalty Minutes : 28
Official
Referees : Brian Pochmara and Chris Lee
Linesman : Devin Berg and Brian Murphy
Game Notes
Mikhail Maltsev beats up Johnathan Kovacevic at 12:10 of 2nd period
Carson Soucy beats up Connor Brown at 15:18 of 2nd period
Ronan Seeley beats up Nicolas Aube-Kubel at 6:48 of 3rd period
Mark Kastelic and Nick Seeler fight to a draw at 17:45 of 3rd period
Tucson Roadrunners
5 vs 5 Forward
Center Left Wing Right Wing Time % Phy DF OF
1 Ross Colton William Carrier Matt Nieto 30 1 2 2
2 Logan Shaw Mark Jankowski Alex Belzile 30 1 2 2
3 Nicolas Petan Anthony Richard Marian Studenic 25 1 2 2
4 Benjamin Jones Ross Colton Walker Duehr 15 1 2 2
5 vs 5 Defense
Defense Defense Time % Phy DF OF
1 Carson Soucy Johnathan Kovacevic 30 1 2 2
2 Robert Hagg Nick Seeler 30 1 2 2
3 Ronan Seeley Samuel Knazko 25 1 2 2
4 Carson Soucy Johnathan Kovacevic 15 1 2 2
PowerPlay Forward
Center Left Wing Right Wing Time % Phy DF OF
1 Ross Colton William Carrier Matt Nieto 50 1 2 2
2 Logan Shaw Mark Jankowski Alex Belzile 50 1 2 2
PowerPlay Defense
Defense Defense Time % Phy DF OF
1 Carson Soucy Johnathan Kovacevic 50 1 2 2
2 Robert Hagg Nick Seeler 50 1 2 2
Penalty Kill 4 Players Forward
Center Wing Time % Phy DF OF
1 Ross Colton William Carrier 50 1 2 2
2 Matt Nieto Logan Shaw 50 1 2 2
Penalty Kill 4 Players Defense
Defense Defense Time % Phy DF OF
1 Carson Soucy Johnathan Kovacevic 50 1 2 2
2 Robert Hagg Nick Seeler 50 1 2 2
Penalty Kill - 3 Players Forward
Forward Time % Phy DF OF
1 Ross Colton 50 1 2 2
2 William Carrier 50 1 2 2
Penalty Kill - 3 Players Defense
Defense Defense Time % Phy DF OF
1 Carson Soucy Johnathan Kovacevic 50 1 2 2
2 Robert Hagg Nick Seeler 50 1 2 2
4 vs 4 Forward
Center Wing Time % Phy DF OF
1 Ross Colton William Carrier 50 1 2 2
2 Matt Nieto Logan Shaw 50 1 2 2
4 vs 4 Defense
Defense Defense Time % Phy DF OF
1 Carson Soucy Johnathan Kovacevic 50 1 2 2
2 Robert Hagg Nick Seeler 50 1 2 2
Last Minutes Offensive
Center Left Wing Right Wing Defense Defense
Ross Colton William Carrier Matt Nieto Carson Soucy Johnathan Kovacevic
Last Minutes Defensive
Center Left Wing Right Wing Defense Defense
Ross Colton William Carrier Matt Nieto Carson Soucy Johnathan Kovacevic
Goaltenders
Starting : Elvis Merzlikins
Backup : Jaroslav Halak
Extra Forwards
Normal : Fabian Lysell, Nicolas Petan, Anthony Richard - PP : Fabian Lysell, Nicolas Petan - PK : Anthony Richard
Extra Defensemen
Normal : Ronan Seeley, Samuel Knazko, Robert Hagg - PP : Ronan Seeley - PK : Samuel Knazko, Robert Hagg
Penalty Shots
Ross Colton, William Carrier, Matt Nieto, Logan Shaw, Mark Jankowski
Santa Cruz Tiger Sharks
5 vs 5 Forward
Center Left Wing Right Wing Time % Phy DF OF
1 Steven Lorentz Connor Brown Kailer Yamamoto 30 1 2 2
2 Jesper Boqvist Zachary Sanford Rem Pitlick 30 1 2 2
3 Mark Kastelic Mikhail Maltsev Nicolas Aube-Kubel 25 1 2 2
4 David Gustafsson Riley Tufte Samuel Fagemo 15 1 2 2
5 vs 5 Defense
Defense Defense Time % Phy DF OF
1 Haydn Fleury Calle Rosen 30 1 2 2
2 Tobias Bjornfot Sean Day 30 1 2 2
3 Matt Kiersted Riley Tufte 25 1 2 2
4 Haydn Fleury Calle Rosen 15 1 2 2
PowerPlay Forward
Center Left Wing Right Wing Time % Phy DF OF
1 Steven Lorentz Connor Brown Kailer Yamamoto 50 1 2 2
2 Jesper Boqvist Zachary Sanford Rem Pitlick 50 1 2 2
PowerPlay Defense
Defense Defense Time % Phy DF OF
1 Haydn Fleury Calle Rosen 50 1 2 2
2 Tobias Bjornfot Sean Day 50 1 2 2
Penalty Kill 4 Players Forward
Center Wing Time % Phy DF OF
1 Kailer Yamamoto Connor Brown 50 1 2 2
2 Steven Lorentz Zachary Sanford 50 1 2 2
Penalty Kill 4 Players Defense
Defense Defense Time % Phy DF OF
1 Haydn Fleury Calle Rosen 50 1 2 2
2 Tobias Bjornfot Sean Day 50 1 2 2
Penalty Kill - 3 Players Forward
Forward Time % Phy DF OF
1 Kailer Yamamoto 50 1 2 2
2 Connor Brown 50 1 2 2
Penalty Kill - 3 Players Defense
Defense Defense Time % Phy DF OF
1 Haydn Fleury Calle Rosen 50 1 2 2
2 Tobias Bjornfot Sean Day 50 1 2 2
4 vs 4 Forward
Center Wing Time % Phy DF OF
1 Kailer Yamamoto Connor Brown 50 1 2 2
2 Steven Lorentz Zachary Sanford 50 1 2 2
4 vs 4 Defense
Defense Defense Time % Phy DF OF
1 Haydn Fleury Calle Rosen 50 1 2 2
2 Tobias Bjornfot Sean Day 50 1 2 2
Last Minutes Offensive
Center Left Wing Right Wing Defense Defense
Steven Lorentz Connor Brown Kailer Yamamoto Haydn Fleury Calle Rosen
Last Minutes Defensive
Center Left Wing Right Wing Defense Defense
Steven Lorentz Connor Brown Kailer Yamamoto Haydn Fleury Calle Rosen
Goaltenders
Starting : Unknown Goalie
Backup : Unknown Goalie
Extra Forwards
Normal : Semyon Der-Arguchintsev, Nicolas Aube-Kubel, Mark Kastelic - PP : Semyon Der-Arguchintsev, Nicolas Aube-Kubel - PK : Mark Kastelic
Extra Defensemen
Normal : Matt Kiersted, Tobias Bjornfot, Sean Day - PP : Matt Kiersted - PK : Tobias Bjornfot, Sean Day
Penalty Shots
Kailer Yamamoto, Connor Brown, Steven Lorentz, Zachary Sanford, Jesper Boqvist
% Time on Ice - Tucson Roadrunners
Lines # - Real PCT - Wanted PCT - Time Play
Normal Forward
1 - 31% - 30% - 15:28
2 - 30% - 30% - 14:45
3 - 26% - 25% - 13:08
4 - 13% - 15% - 6:23
Normal Defense
1 - 29% - 30% - 14:20
2 - 29% - 30% - 14:28
3 - 26% - 25% - 12:53
4 - 16% - 15% - 8:03
PP Forward
1 - 51% - 50% - 2:23
2 - 49% - 50% - 2:20
PP Defense
1 - 49% - 50% - 2:18
2 - 51% - 50% - 2:25
PK Forward
1 - 49% - 50% - 2:42
2 - 51% - 50% - 2:51
PK Defense
1 - 51% - 50% - 2:49
2 - 49% - 50% - 2:44
PK3 Forward
1 - 0% - 50%
2 - 0% - 50%
PK3 Defense
1 - 0% - 50%
2 - 0% - 50%
44 Forward
1 - 0% - 50%
2 - 0% - 50%
44 Defense
1 - 0% - 50%
2 - 0% - 50%
Last Minute Offensive - 0:00
Last Minute Defensive - 0:00
Total
Forward - 60:00
Defense - 60:00
|
% Time on Ice - Santa Cruz Tiger Sharks
Lines # - Real PCT - Wanted PCT - Time Play
Normal Forward
1 - 31% - 30% - 15:27
2 - 28% - 30% - 14:06
3 - 23% - 25% - 11:14
4 - 18% - 15% - 8:57
Normal Defense
1 - 26% - 30% - 13:05
2 - 33% - 30% - 16:38
3 - 28% - 25% - 13:49
4 - 12% - 15% - 6:12
PP Forward
1 - 51% - 50% - 2:49
2 - 49% - 50% - 2:44
PP Defense
1 - 52% - 50% - 2:53
2 - 48% - 50% - 2:40
PK Forward
1 - 60% - 50% - 2:50
2 - 40% - 50% - 1:53
PK Defense
1 - 52% - 50% - 2:28
2 - 48% - 50% - 2:15
PK3 Forward
1 - 0% - 50%
2 - 0% - 50%
PK3 Defense
1 - 0% - 50%
2 - 0% - 50%
44 Forward
1 - 0% - 50%
2 - 0% - 50%
44 Defense
1 - 0% - 50%
2 - 0% - 50%
Last Minute Offensive - 0:00
Last Minute Defensive - 0:00
Total
Forward - 60:00
Defense - 60:00
|
Play-by-Play
1st period
0:01 of 1st period - Steven Lorentz wins face-off versus Ross Colton in neutral zone.
0:16 of 1st period - Wrist shot by Connor Brown.
0:16 of 1st period - Shot Misses the Net.
1:12 of 1st period - Wrist shot by David Gustafsson.
1:12 of 1st period - Shot Misses the Net.
1:20 of 1st period - Snap shot by David Gustafsson.
1:20 of 1st period - Stopped by Elvis Merzlikins without a rebound.
1:21 of 1st period - Logan Shaw wins face-off versus Steven Lorentz in Tucson Roadrunners zone.
2:13 of 1st period - Carson Soucy is hit by Tobias Bjornfot and loses puck.
2:52 of 1st period - Slapshot by Connor Brown.
2:52 of 1st period - Shot Misses the Net.
2:54 of 1st period - Snap shot by Steven Lorentz.
2:54 of 1st period - Shot Misses the Net.
3:40 of 1st period - Mark Jankowski is hit by David Gustafsson and loses puck.
3:53 of 1st period - Kailer Yamamoto is hit by Johnathan Kovacevic and loses puck.
5:10 of 1st period - Slapshot by Anthony Richard.
5:10 of 1st period - Stopped by Unknown Goalie without a rebound.
5:11 of 1st period - Logan Shaw wins face-off versus Mark Kastelic in Santa Cruz Tiger Sharks zone.
5:12 of 1st period - Snap shot by Alex Belzile.
5:12 of 1st period - Stopped by Unknown Goalie with a rebound.
5:14 of 1st period - Wrist shot by Mark Jankowski.
5:14 of 1st period - Shot Blocked by Tobias Bjornfot.
5:16 of 1st period - Snap shot by Logan Shaw.
5:16 of 1st period - Deflect By Mark Jankowski.
5:16 of 1st period - Shot Blocked by Mark Kastelic.
5:16 of 1st period - Puck is out of play.
5:17 of 1st period - Zachary Sanford wins face-off versus Logan Shaw in Santa Cruz Tiger Sharks zone.
5:28 of 1st period - Slapshot by Logan Shaw.
5:28 of 1st period - Shot Blocked by Sean Day.
5:42 of 1st period - Backhand shot by Kailer Yamamoto.
5:42 of 1st period - Stopped by Elvis Merzlikins with a rebound.
5:52 of 1st period - Snap shot by Kailer Yamamoto.
5:52 of 1st period - Shot Misses the Net.
6:15 of 1st period - Wrist shot by Nicolas Petan.
6:15 of 1st period - Deflect By Anthony Richard.
6:15 of 1st period - Stopped by Unknown Goalie with a rebound.
6:17 of 1st period - Snap shot by Marian Studenic.
6:17 of 1st period - Shot Misses the Net.
6:19 of 1st period - Slapshot by Carson Soucy.
6:19 of 1st period - Shot Blocked by Tobias Bjornfot.
6:31 of 1st period - Snap shot by Alex Belzile.
6:31 of 1st period - Goal by Alex Belzile - Tucson Roadrunners : 1 - Santa Cruz Tiger Sharks : 0.
6:32 of 1st period - Jesper Boqvist wins face-off versus Ross Colton in neutral zone.
6:37 of 1st period - Slapshot by Rem Pitlick.
6:37 of 1st period - Shot Misses the Net.
6:41 of 1st period - Snap shot by Rem Pitlick.
6:41 of 1st period - Stopped by Elvis Merzlikins with a rebound.
6:43 of 1st period - Slapshot by Zachary Sanford.
6:43 of 1st period - Stopped by Elvis Merzlikins with a rebound.
6:45 of 1st period - Backhand shot by Jesper Boqvist.
6:45 of 1st period - Shot Blocked by Johnathan Kovacevic.
7:46 of 1st period - Snap shot by David Gustafsson.
7:46 of 1st period - Shot Misses the Net.
8:55 of 1st period - Calle Rosen is hit by Ross Colton and loses puck.
9:29 of 1st period - Wrist shot by Jesper Boqvist.
9:29 of 1st period - Stopped by Elvis Merzlikins without a rebound.
9:30 of 1st period - Anthony Richard wins face-off versus Jesper Boqvist in Tucson Roadrunners zone.
9:50 of 1st period - Minor Penalty to Nicolas Petan for Hooking.
9:51 of 1st period - Ross Colton wins face-off versus Steven Lorentz in Tucson Roadrunners zone.
9:59 of 1st period - Logan Shaw is hit by Steven Lorentz.
10:27 of 1st period - Logan Shaw is hit by Rem Pitlick and loses puck.
11:50 of 1st period - Penalty to Nicolas Petan is over, Nicolas Petan is back on ice.
12:02 of 1st period - Snap shot by Matt Nieto.
12:02 of 1st period - Goal by Matt Nieto - Tucson Roadrunners : 2 - Santa Cruz Tiger Sharks : 0.
12:03 of 1st period - Benjamin Jones wins face-off versus Mark Kastelic in neutral zone.
12:25 of 1st period - Icing by Mikhail Maltsev.
12:26 of 1st period - Nicolas Petan wins face-off versus Steven Lorentz in Santa Cruz Tiger Sharks zone.
12:51 of 1st period - Snap shot by Jesper Boqvist.
12:51 of 1st period - Stopped by Elvis Merzlikins without a rebound.
12:52 of 1st period - Ross Colton wins face-off versus Rem Pitlick in Tucson Roadrunners zone.
13:05 of 1st period - Slapshot by William Carrier.
13:05 of 1st period - Shot Misses the Net.
13:07 of 1st period - Snap shot by Matt Nieto.
13:07 of 1st period - Stopped by Unknown Goalie with a rebound.
13:24 of 1st period - Carson Soucy is hit by Calle Rosen and loses puck.
13:47 of 1st period - Slapshot by Samuel Fagemo.
13:47 of 1st period - Shot Misses the Net.
14:08 of 1st period - Slapshot by Nicolas Aube-Kubel.
14:08 of 1st period - Shot Misses the Net.
14:27 of 1st period - Slapshot by Zachary Sanford.
14:27 of 1st period - Stopped by Elvis Merzlikins without a rebound.
14:28 of 1st period - William Carrier wins face-off versus Steven Lorentz in Tucson Roadrunners zone.
14:53 of 1st period - Mark Jankowski is hit by Zachary Sanford.
15:33 of 1st period - Ronan Seeley is hit by Matt Kiersted and loses puck.
15:38 of 1st period - Snap shot by Kailer Yamamoto.
15:38 of 1st period - Shot Misses the Net.
15:40 of 1st period - Snap shot by Connor Brown.
15:40 of 1st period - Stopped by Elvis Merzlikins without a rebound.
15:41 of 1st period - Jesper Boqvist wins face-off versus Logan Shaw in Tucson Roadrunners zone.
15:52 of 1st period - Snap shot by Alex Belzile.
15:52 of 1st period - Shot Misses the Net.
16:22 of 1st period - Minor Penalty to Connor Brown for Holding.
16:23 of 1st period - Ross Colton wins face-off versus Kailer Yamamoto in Santa Cruz Tiger Sharks zone.
16:52 of 1st period - Snap shot by Alex Belzile.
16:52 of 1st period - Goal by Alex Belzile - Tucson Roadrunners : 3 - Santa Cruz Tiger Sharks : 0.
16:53 of 1st period - Samuel Fagemo wins face-off versus Ross Colton in neutral zone.
16:58 of 1st period - Wrist shot by Riley Tufte.
16:58 of 1st period - Stopped by Elvis Merzlikins with a rebound.
17:18 of 1st period - Logan Shaw is hit by Mark Kastelic and loses puck.
17:25 of 1st period - Snap shot by Mark Kastelic.
17:25 of 1st period - Stopped by Elvis Merzlikins with a rebound.
17:41 of 1st period - Snap shot by Nicolas Petan.
17:41 of 1st period - Stopped by Unknown Goalie with a rebound.
17:43 of 1st period - Slapshot by Carson Soucy.
17:43 of 1st period - Shot Blocked by Tobias Bjornfot.
18:29 of 1st period - Wrist shot by David Gustafsson.
18:29 of 1st period - Shot Blocked by Ronan Seeley.
18:54 of 1st period - Snap shot by William Carrier.
18:54 of 1st period - Stopped by Unknown Goalie with a rebound.
18:56 of 1st period - Snap shot by Matt Nieto.
18:56 of 1st period - Stopped by Unknown Goalie with a rebound.
18:58 of 1st period - Slapshot by Samuel Knazko.
18:58 of 1st period - Shot Misses the Net.
19:22 of 1st period - Snap shot by Ross Colton.
19:22 of 1st period - Shot Misses the Net.
19:24 of 1st period - Slapshot by Samuel Knazko.
19:24 of 1st period - Stopped by Unknown Goalie with a rebound.
19:26 of 1st period - Backhand shot by Samuel Knazko.
19:26 of 1st period - Shot Blocked by Samuel Fagemo.
19:28 of 1st period - Slapshot by Matt Nieto.
19:28 of 1st period - Shot Blocked by Tobias Bjornfot.
19:30 of 1st period - Slapshot by Samuel Knazko.
19:30 of 1st period - Deflect By Matt Nieto.
19:30 of 1st period - Stopped by Unknown Goalie with a rebound.
19:32 of 1st period - Wrist shot by William Carrier.
19:32 of 1st period - Shot Misses the Net.
19:34 of 1st period - Wrist shot by Matt Nieto.
19:34 of 1st period - Shot Blocked by David Gustafsson.
19:53 of 1st period - Wrist shot by Ross Colton.
19:53 of 1st period - Stopped by Unknown Goalie with a rebound.
19:55 of 1st period - Snap shot by Ronan Seeley.
19:55 of 1st period - Stopped by Unknown Goalie with a rebound.
19:57 of 1st period - Snap shot by William Carrier.
19:57 of 1st period - Shot Blocked by David Gustafsson.
Goals for this period are 3 for Tucson Roadrunners vs 0 for Santa Cruz Tiger Sharks.
Shots for this period are 14 for Tucson Roadrunners vs 10 for Santa Cruz Tiger Sharks.
2nd period
0:01 of 2nd period - Logan Shaw wins face-off versus Steven Lorentz in neutral zone.
0:36 of 2nd period - Wrist shot by Mark Kastelic.
0:36 of 2nd period - Shot Misses the Net.
0:38 of 2nd period - Wrist shot by Nicolas Aube-Kubel.
0:38 of 2nd period - Stopped by Elvis Merzlikins with a rebound.
1:06 of 2nd period - Benjamin Jones is hit by Riley Tufte and loses puck.
1:24 of 2nd period - Wrist shot by Alex Belzile.
1:24 of 2nd period - Stopped by Unknown Goalie with a rebound.
1:26 of 2nd period - Snap shot by Robert Hagg.
1:26 of 2nd period - Shot Misses the Net.
1:28 of 2nd period - Wrist shot by Logan Shaw.
1:28 of 2nd period - Shot Misses the Net.
1:30 of 2nd period - Slapshot by Robert Hagg.
1:30 of 2nd period - Shot Misses the Net.
2:47 of 2nd period - Wrist shot by Marian Studenic.
2:47 of 2nd period - Shot Blocked by Connor Brown.
3:25 of 2nd period - Wrist shot by Nicolas Petan.
3:25 of 2nd period - Stopped by Unknown Goalie with a rebound.
3:27 of 2nd period - Snap shot by Anthony Richard.
3:27 of 2nd period - Stopped by Unknown Goalie with a rebound.
3:49 of 2nd period - Calle Rosen is hit by Robert Hagg and loses puck.
4:00 of 2nd period - Nick Seeler is hit by Calle Rosen and loses puck.
4:25 of 2nd period - Alex Belzile is hit by Mark Kastelic and loses puck.
4:40 of 2nd period - Ross Colton is hit by Zachary Sanford.
4:55 of 2nd period - Jesper Boqvist is hit by Samuel Knazko and loses puck.
5:42 of 2nd period - Snap shot by Samuel Fagemo.
5:42 of 2nd period - Shot Misses the Net.
5:44 of 2nd period - Snap shot by Samuel Fagemo.
5:44 of 2nd period - Stopped by Elvis Merzlikins without a rebound.
5:45 of 2nd period - Steven Lorentz wins face-off versus Ross Colton in Tucson Roadrunners zone.
5:50 of 2nd period - Slapshot by Connor Brown.
5:50 of 2nd period - Shot Blocked by Nick Seeler.
6:19 of 2nd period - Nicolas Petan is hit by Rem Pitlick and loses puck.
6:34 of 2nd period - Calle Rosen is hit by Alex Belzile and loses puck.
6:39 of 2nd period - Snap shot by Mark Jankowski.
6:39 of 2nd period - Shot Blocked by Mikhail Maltsev.
7:37 of 2nd period - Robert Hagg is hit by Rem Pitlick and loses puck.
7:48 of 2nd period - Jesper Boqvist is hit by Nick Seeler and loses puck.
7:59 of 2nd period - Snap shot by Mark Jankowski.
7:59 of 2nd period - Stopped by Unknown Goalie with a rebound.
8:11 of 2nd period - Wrist shot by Rem Pitlick.
8:11 of 2nd period - Shot Blocked by Logan Shaw.
8:13 of 2nd period - Minor Penalty to Carson Soucy for Hooking.
8:14 of 2nd period - Steven Lorentz wins face-off versus Ross Colton in Tucson Roadrunners zone.
8:25 of 2nd period - Slapshot by Kailer Yamamoto.
8:25 of 2nd period - Stopped by Elvis Merzlikins with a rebound.
8:27 of 2nd period - Slapshot by Calle Rosen.
8:27 of 2nd period - Shot Misses the Net.
8:29 of 2nd period - Slapshot by Calle Rosen.
8:29 of 2nd period - Deflect By Nick Seeler.
8:29 of 2nd period - Stopped by Elvis Merzlikins with a rebound.
9:50 of 2nd period - Robert Hagg is hit by Tobias Bjornfot and loses puck.
10:13 of 2nd period - Penalty to Carson Soucy is over, Carson Soucy is back on ice.
10:24 of 2nd period - Mikhail Maltsev is hit by Samuel Knazko and loses puck.
11:17 of 2nd period - Ross Colton is hit by Zachary Sanford and loses puck.
11:33 of 2nd period - Off-side.
11:34 of 2nd period - Nicolas Petan wins face-off versus Nicolas Aube-Kubel in neutral zone.
11:37 of 2nd period - Snap shot by Anthony Richard.
11:37 of 2nd period - Goal by Anthony Richard - Tucson Roadrunners : 4 - Santa Cruz Tiger Sharks : 0.
11:38 of 2nd period - Steven Lorentz wins face-off versus Ross Colton in neutral zone.
11:43 of 2nd period - Snap shot by Connor Brown.
11:43 of 2nd period - Shot Misses the Net.
12:05 of 2nd period - Wrist shot by Nicolas Aube-Kubel.
12:05 of 2nd period - Stopped by Elvis Merzlikins with a rebound.
12:07 of 2nd period - Wrist shot by Nicolas Aube-Kubel.
12:07 of 2nd period - Stopped by Elvis Merzlikins with a rebound.
12:09 of 2nd period - Wrist shot by Mikhail Maltsev.
12:09 of 2nd period - Shot Misses the Net.
12:10 of 2nd period - Mikhail Maltsev beats up Johnathan Kovacevic.
12:10 of 2nd period - Penalty to Mikhail Maltsev for Fighting.
12:10 of 2nd period - Penalty to Johnathan Kovacevic for Fighting.
12:11 of 2nd period - Logan Shaw wins face-off versus Steven Lorentz in Tucson Roadrunners zone.
12:20 of 2nd period - Haydn Fleury is hit by Nick Seeler and loses puck.
13:28 of 2nd period - Robert Hagg is hit by Nicolas Aube-Kubel and loses puck.
14:29 of 2nd period - Nicolas Aube-Kubel is hit by Marian Studenic and loses puck.
14:40 of 2nd period - Slapshot by Jesper Boqvist.
14:40 of 2nd period - Goal by Jesper Boqvist - Tucson Roadrunners : 4 - Santa Cruz Tiger Sharks : 1.
14:41 of 2nd period - Jesper Boqvist wins face-off versus Logan Shaw in neutral zone.
14:55 of 2nd period - Snap shot by Logan Shaw.
14:55 of 2nd period - Shot Misses the Net.
14:57 of 2nd period - Snap shot by Alex Belzile.
14:57 of 2nd period - Stopped by Unknown Goalie without a rebound.
14:58 of 2nd period - Steven Lorentz wins face-off versus Ross Colton in Santa Cruz Tiger Sharks zone.
15:00 of 2nd period - Minor Penalty to Kailer Yamamoto for Interference.
15:01 of 2nd period - Steven Lorentz wins face-off versus Logan Shaw in Santa Cruz Tiger Sharks zone.
15:13 of 2nd period - Wrist shot by Logan Shaw.
15:13 of 2nd period - Shot Blocked by Tobias Bjornfot.
15:15 of 2nd period - Slapshot by Robert Hagg.
15:15 of 2nd period - Goal by Robert Hagg - Tucson Roadrunners : 5 - Santa Cruz Tiger Sharks : 1.
15:16 of 2nd period - Steven Lorentz wins face-off versus Logan Shaw in neutral zone.
15:18 of 2nd period - Carson Soucy beats up Connor Brown.
15:18 of 2nd period - Penalty to Connor Brown for Fighting.
15:18 of 2nd period - Penalty to Carson Soucy for Fighting.
15:19 of 2nd period - Steven Lorentz wins face-off versus Ross Colton in neutral zone.
15:24 of 2nd period - Backhand shot by Haydn Fleury.
15:24 of 2nd period - Stopped by Elvis Merzlikins with a rebound.
15:30 of 2nd period - Wrist shot by Kailer Yamamoto.
15:30 of 2nd period - Shot Misses the Net.
15:54 of 2nd period - Snap shot by Rem Pitlick.
15:54 of 2nd period - Stopped by Elvis Merzlikins with a rebound.
16:06 of 2nd period - Nicolas Petan is hit by Nicolas Aube-Kubel and loses puck.
16:58 of 2nd period - Mark Kastelic is hit by Nick Seeler and loses puck.
17:11 of 2nd period - Rem Pitlick is hit by Nicolas Petan and loses puck.
17:36 of 2nd period - Matt Nieto is hit by Kailer Yamamoto and loses puck.
18:45 of 2nd period - Fabian Lysell is hit by Sean Day and loses puck.
18:58 of 2nd period - Samuel Knazko is hit by Nicolas Aube-Kubel and loses puck.
19:21 of 2nd period - Minor Penalty to Mark Kastelic for Tripping.
19:22 of 2nd period - Ross Colton wins face-off versus Kailer Yamamoto in Santa Cruz Tiger Sharks zone.
19:23 of 2nd period - Wrist shot by William Carrier.
19:23 of 2nd period - Stopped by Unknown Goalie with a rebound.
19:31 of 2nd period - Steven Lorentz is hit by Johnathan Kovacevic and loses puck.
19:52 of 2nd period - Kailer Yamamoto is hit by Mark Jankowski and loses puck.
Goals for this period are 2 for Tucson Roadrunners vs 1 for Santa Cruz Tiger Sharks.
Shots for this period are 8 for Tucson Roadrunners vs 9 for Santa Cruz Tiger Sharks.
3rd period
0:01 of 3rd period - Ross Colton wins face-off versus Zachary Sanford in neutral zone.
0:04 of 3rd period - Steven Lorentz is hit by Nick Seeler and loses puck.
0:18 of 3rd period - Penalty to Connor Brown is over, Connor Brown is back on ice.
0:36 of 3rd period - Off-side.
0:37 of 3rd period - Steven Lorentz wins face-off versus Matt Nieto in neutral zone.
0:40 of 3rd period - Snap shot by Steven Lorentz.
0:40 of 3rd period - Shot Misses the Net.
1:21 of 3rd period - Penalty to Mark Kastelic is over, Mark Kastelic is back on ice.
1:25 of 3rd period - Ross Colton is hit by Mark Kastelic and loses puck.
1:39 of 3rd period - Off-side.
1:40 of 3rd period - Nicolas Petan wins face-off versus David Gustafsson in neutral zone.
1:55 of 3rd period - Snap shot by Nicolas Petan.
1:55 of 3rd period - Stopped by Unknown Goalie with a rebound.
2:07 of 3rd period - Alex Belzile is hit by Nicolas Aube-Kubel and loses puck.
2:16 of 3rd period - Snap shot by Mark Kastelic.
2:16 of 3rd period - Stopped by Elvis Merzlikins with a rebound.
2:18 of 3rd period - Snap shot by Mark Kastelic.
2:18 of 3rd period - Deflect By Mikhail Maltsev.
2:18 of 3rd period - Stopped by Elvis Merzlikins without a rebound.
2:19 of 3rd period - Ross Colton wins face-off versus Steven Lorentz in Tucson Roadrunners zone.
2:19 of 3rd period - Ross Colton is hit by Kailer Yamamoto.
2:30 of 3rd period - Minor Penalty to Calle Rosen for Hooking.
2:31 of 3rd period - Steven Lorentz wins face-off versus Ross Colton in Santa Cruz Tiger Sharks zone.
3:22 of 3rd period - Snap shot by Tobias Bjornfot.
3:22 of 3rd period - Shot Misses the Net.
4:29 of 3rd period - Sean Day is hit by Logan Shaw and loses puck.
4:30 of 3rd period - Penalty to Calle Rosen is over, Calle Rosen is back on ice.
4:46 of 3rd period - Slapshot by Riley Tufte.
4:46 of 3rd period - Stopped by Elvis Merzlikins with a rebound.
4:49 of 3rd period - Icing by Samuel Knazko.
4:50 of 3rd period - Nicolas Petan wins face-off versus Mark Kastelic in Tucson Roadrunners zone.
4:50 of 3rd period - Nicolas Petan is hit by Nicolas Aube-Kubel.
5:00 of 3rd period - Snap shot by Marian Studenic.
5:00 of 3rd period - Shot Blocked by Mark Kastelic.
5:02 of 3rd period - Snap shot by Nicolas Petan.
5:02 of 3rd period - Shot Blocked by Nicolas Aube-Kubel.
5:04 of 3rd period - Slapshot by Samuel Knazko.
5:04 of 3rd period - Shot Blocked by Mark Kastelic.
5:08 of 3rd period - Wrist shot by Nicolas Petan.
5:08 of 3rd period - Shot Misses the Net.
5:10 of 3rd period - Wrist shot by Nicolas Petan.
5:10 of 3rd period - Stopped by Unknown Goalie with a rebound.
5:12 of 3rd period - Snap shot by Nicolas Petan.
5:12 of 3rd period - Shot Misses the Net.
5:14 of 3rd period - Snap shot by Ronan Seeley.
5:14 of 3rd period - Stopped by Unknown Goalie with a rebound.
5:16 of 3rd period - Snap shot by Nicolas Petan.
5:16 of 3rd period - Goal by Nicolas Petan - Tucson Roadrunners : 6 - Santa Cruz Tiger Sharks : 1.
5:17 of 3rd period - Steven Lorentz wins face-off versus Ross Colton in neutral zone.
5:42 of 3rd period - Nick Seeler is hit by Mikhail Maltsev and loses puck.
5:47 of 3rd period - Slapshot by Mikhail Maltsev.
5:47 of 3rd period - Stopped by Elvis Merzlikins with a rebound.
5:49 of 3rd period - Wrist shot by Calle Rosen.
5:49 of 3rd period - Shot Blocked by Nick Seeler.
6:48 of 3rd period - Ronan Seeley beats up Nicolas Aube-Kubel.
6:48 of 3rd period - Penalty to Nicolas Aube-Kubel for Fighting.
6:48 of 3rd period - Penalty to Ronan Seeley for Fighting.
6:49 of 3rd period - Jesper Boqvist wins face-off versus Ross Colton in Tucson Roadrunners zone.
6:50 of 3rd period - Wrist shot by Zachary Sanford.
6:50 of 3rd period - Stopped by Elvis Merzlikins with a rebound.
6:56 of 3rd period - Slapshot by Rem Pitlick.
6:56 of 3rd period - Shot Blocked by Robert Hagg.
7:23 of 3rd period - Wrist shot by Logan Shaw.
7:23 of 3rd period - Shot Blocked by Calle Rosen.
7:43 of 3rd period - Snap shot by Mark Kastelic.
7:43 of 3rd period - Shot Misses the Net.
7:45 of 3rd period - Slapshot by Mark Kastelic.
7:45 of 3rd period - Shot Misses the Net.
8:03 of 3rd period - Snap shot by Tobias Bjornfot.
8:03 of 3rd period - Stopped by Elvis Merzlikins with a rebound.
8:05 of 3rd period - Slapshot by Riley Tufte.
8:05 of 3rd period - Shot Misses the Net.
8:21 of 3rd period - Rem Pitlick is hit by Carson Soucy and loses puck.
8:32 of 3rd period - Jesper Boqvist is hit by Marian Studenic and loses puck.
9:06 of 3rd period - Off-side.
9:07 of 3rd period - Logan Shaw wins face-off versus Steven Lorentz in neutral zone.
9:19 of 3rd period - Icing by Steven Lorentz.
9:20 of 3rd period - Ross Colton wins face-off versus Steven Lorentz in Santa Cruz Tiger Sharks zone.
9:47 of 3rd period - Logan Shaw is hit by Mark Kastelic and loses puck.
9:54 of 3rd period - Snap shot by Robert Hagg.
9:54 of 3rd period - Stopped by Unknown Goalie with a rebound.
10:16 of 3rd period - Slapshot by Carson Soucy.
10:16 of 3rd period - Shot Hit the Post.
10:18 of 3rd period - Slapshot by Walker Duehr.
10:18 of 3rd period - Shot Blocked by Tobias Bjornfot.
10:20 of 3rd period - Wrist shot by Benjamin Jones.
10:20 of 3rd period - Shot Blocked by Tobias Bjornfot.
10:22 of 3rd period - Snap shot by Ross Colton.
10:22 of 3rd period - Shot Misses the Net.
10:24 of 3rd period - Slapshot by Ross Colton.
10:24 of 3rd period - Shot Blocked by Tobias Bjornfot.
10:34 of 3rd period - Sean Day is hit by Robert Hagg and loses puck.
10:57 of 3rd period - Sean Day is hit by Marian Studenic and loses puck.
11:16 of 3rd period - Snap shot by Connor Brown.
11:16 of 3rd period - Stopped by Elvis Merzlikins without a rebound.
11:17 of 3rd period - Logan Shaw wins face-off versus Kailer Yamamoto in Tucson Roadrunners zone.
11:26 of 3rd period - Slapshot by Alex Belzile.
11:26 of 3rd period - Shot Blocked by Steven Lorentz.
11:28 of 3rd period - Snap shot by Logan Shaw.
11:28 of 3rd period - Deflect By Alex Belzile.
11:28 of 3rd period - Stopped by Unknown Goalie with a rebound.
11:30 of 3rd period - Snap shot by Logan Shaw.
11:30 of 3rd period - Stopped by Unknown Goalie with a rebound.
11:32 of 3rd period - Slapshot by Logan Shaw.
11:32 of 3rd period - Shot Misses the Net.
12:08 of 3rd period - Nicolas Aube-Kubel is hit by William Carrier and loses puck.
12:39 of 3rd period - David Gustafsson is hit by Walker Duehr and loses puck.
12:52 of 3rd period - Wrist shot by Connor Brown.
12:52 of 3rd period - Stopped by Elvis Merzlikins with a rebound.
12:54 of 3rd period - Wrist shot by Connor Brown.
12:54 of 3rd period - Stopped by Elvis Merzlikins without a rebound.
12:55 of 3rd period - Steven Lorentz wins face-off versus Nicolas Petan in Tucson Roadrunners zone.
14:25 of 3rd period - Backhand shot by Mark Jankowski.
14:25 of 3rd period - Shot Misses the Net.
14:44 of 3rd period - Slapshot by Nick Seeler.
14:44 of 3rd period - Shot Misses the Net.
14:55 of 3rd period - Slapshot by Matt Kiersted.
14:55 of 3rd period - Shot Blocked by Nick Seeler.
14:57 of 3rd period - Snap shot by Rem Pitlick.
14:57 of 3rd period - Goal by Rem Pitlick - Tucson Roadrunners : 6 - Santa Cruz Tiger Sharks : 2.
14:58 of 3rd period - Steven Lorentz wins face-off versus Ross Colton in neutral zone.
15:07 of 3rd period - Snap shot by Kailer Yamamoto.
15:07 of 3rd period - Stopped by Elvis Merzlikins without a rebound.
15:08 of 3rd period - Ross Colton wins face-off versus Steven Lorentz in Tucson Roadrunners zone.
15:45 of 3rd period - Slapshot by Ross Colton.
15:45 of 3rd period - Stopped by Unknown Goalie with a rebound.
15:47 of 3rd period - Wrist shot by William Carrier.
15:47 of 3rd period - Shot Blocked by Haydn Fleury.
16:03 of 3rd period - Snap shot by William Carrier.
16:03 of 3rd period - Shot Misses the Net.
16:05 of 3rd period - Wrist shot by Matt Nieto.
16:05 of 3rd period - Stopped by Unknown Goalie with a rebound.
16:07 of 3rd period - Wrist shot by William Carrier.
16:07 of 3rd period - Stopped by Unknown Goalie with a rebound.
16:09 of 3rd period - Snap shot by Matt Nieto.
16:09 of 3rd period - Shot Misses the Net.
16:11 of 3rd period - Slapshot by Carson Soucy.
16:11 of 3rd period - Stopped by Unknown Goalie with a rebound.
16:17 of 3rd period - Snap shot by Ross Colton.
16:17 of 3rd period - Shot Misses the Net.
16:19 of 3rd period - Slapshot by Johnathan Kovacevic.
16:19 of 3rd period - Stopped by Unknown Goalie with a rebound.
16:21 of 3rd period - Wrist shot by Ross Colton.
16:21 of 3rd period - Stopped by Unknown Goalie with a rebound.
16:33 of 3rd period - Calle Rosen is hit by Johnathan Kovacevic.
16:55 of 3rd period - Slapshot by Kailer Yamamoto.
16:55 of 3rd period - Stopped by Elvis Merzlikins with a rebound.
17:03 of 3rd period - Slapshot by Johnathan Kovacevic.
17:03 of 3rd period - Stopped by Unknown Goalie with a rebound.
17:05 of 3rd period - Snap shot by Matt Nieto.
17:05 of 3rd period - Shot Blocked by Haydn Fleury.
17:07 of 3rd period - Snap shot by Carson Soucy.
17:07 of 3rd period - Shot Misses the Net.
17:09 of 3rd period - Wrist shot by Matt Nieto.
17:09 of 3rd period - Stopped by Unknown Goalie with a rebound.
17:11 of 3rd period - Wrist shot by William Carrier.
17:11 of 3rd period - Shot Misses the Net.
17:13 of 3rd period - Wrist shot by William Carrier.
17:13 of 3rd period - Shot Misses the Net.
17:15 of 3rd period - Snap shot by William Carrier.
17:15 of 3rd period - Shot Blocked by Connor Brown.
17:17 of 3rd period - Wrist shot by William Carrier.
17:17 of 3rd period - Stopped by Unknown Goalie with a rebound.
17:19 of 3rd period - Snap shot by Matt Nieto.
17:19 of 3rd period - Goal by Matt Nieto - Tucson Roadrunners : 7 - Santa Cruz Tiger Sharks : 2.
17:20 of 3rd period - Jesper Boqvist wins face-off versus Logan Shaw in neutral zone.
17:31 of 3rd period - Wrist shot by Jesper Boqvist.
17:31 of 3rd period - Stopped by Elvis Merzlikins with a rebound.
17:33 of 3rd period - Snap shot by Rem Pitlick.
17:33 of 3rd period - Shot Misses the Net.
17:35 of 3rd period - Slapshot by Sean Day.
17:35 of 3rd period - Stopped by Elvis Merzlikins with a rebound.
17:45 of 3rd period - Mark Kastelic and Nick Seeler fight to a draw.
17:45 of 3rd period - Penalty to Mark Kastelic for Fighting.
17:45 of 3rd period - Penalty to Nick Seeler for Fighting.
17:46 of 3rd period - Jesper Boqvist wins face-off versus Logan Shaw in Santa Cruz Tiger Sharks zone.
17:46 of 3rd period - Jesper Boqvist is hit by Alex Belzile.
17:59 of 3rd period - Icing by Sean Day.
18:00 of 3rd period - Jesper Boqvist wins face-off versus Nicolas Petan in Santa Cruz Tiger Sharks zone.
18:07 of 3rd period - Snap shot by Nicolas Petan.
18:07 of 3rd period - Goal by Nicolas Petan - Tucson Roadrunners : 8 - Santa Cruz Tiger Sharks : 2.
18:08 of 3rd period - Logan Shaw wins face-off versus Jesper Boqvist in neutral zone.
18:24 of 3rd period - Minor Penalty to Logan Shaw for Hooking.
18:25 of 3rd period - Jesper Boqvist wins face-off versus Matt Nieto in Tucson Roadrunners zone.
18:50 of 3rd period - Robert Hagg is hit by Sean Day and loses puck.
19:50 of 3rd period - Ross Colton is hit by Connor Brown.
Goals for this period are 3 for Tucson Roadrunners vs 1 for Santa Cruz Tiger Sharks.
Shots for this period are 18 for Tucson Roadrunners vs 14 for Santa Cruz Tiger Sharks.
Back to the Top